SAAA
PAWNEE PARKSNREC @ ALLOWAY HALBERDS
08/21/2029
 
TOP OF THE 1ST
Pawnee ParksNRec batting - Pitching for Alloway Halberds : LHP Gilberto Ramírez
Pitching: LHP Gilberto Ramírez
Batting: SHB Júlio Camacho 0-0: Ball
1-0: Ball
2-0: Ball
3-0: Base on Balls
Batting: RHB Britt Lynch 0-0: Called Strike
0-1: Ball
1-1: Ball
2-1: SINGLE (Groundball, 56D)
Júlio Camacho to second
Batting: RHB Ken Bone 0-0: Called Strike
0-1: Fielders Choice at 2nd, 1-6 (Groundball, P)
Júlio Camacho to third
Batting: RHB Ronald Hines 0-0: Ball
1-0: Ball
2-0: Ball
Passed Ball!
Júlio Camacho scores
Ken Bone to second
3-0: Base on Balls
Batting: SHB Vicente Pueblo 0-0: Foul Ball, location: 2F
0-1: Grounds into double play, 6-4-3 (Groundball, 56)
Top of the 1st over - 1 run, 1 hit, 0 errors, 1 left on base; Pawnee 1 - Alloway 0
BOTTOM OF THE 1ST
Alloway Halberds batting - Pitching for Pawnee ParksNRec : RHP Albert Castillo
Pitching: RHP Albert Castillo
Batting: LHB Juan Caro 0-0: Fly out, F8 (Line Drive, 8LD)
Batting: RHB Octávio Beltzán 0-0: Ground out 3-1 (Groundball, 34S)
Batting: LHB José Zarate 0-0: Called Strike
0-1: Fly out, F9 (Flyball, 9)
Bottom of the 1st over - 0 runs, 0 hits, 0 errors, 0 left on base; Pawnee 1 - Alloway 0
TOP OF THE 2ND
Pawnee ParksNRec batting - Pitching for Alloway Halberds : LHP Gilberto Ramírez
Batting: RHB Daryl Moran 0-0: Ball
1-0: Ball
2-0: Ball
3-0: Called Strike
3-1: Foul Ball, location: 2F
3-2: Strikes out swinging
Batting: RHB Michael Douglas 0-0: Ball
1-0: Ball
2-0: Ball
3-0: Base on Balls
Batting: SHB Dennis Barraclough 0-0: Ball
1-0: Called Strike
1-1: Foul Ball, location: 2F
1-2: Single, Error in OF, E8, batter to second base
Michael Douglas to third
Batting: RHB Iván Rodríguez 0-0: Ball
1-0: Ball
2-0: Ground out 6-3 (Groundball, 6)
Michael Douglas scores
Batting: SHB Júlio Camacho 0-0: Fly out, F8 (Line Drive, 89D)
Top of the 2nd over - 1 run, 1 hit, 1 error, 1 left on base; Pawnee 2 - Alloway 0
BOTTOM OF THE 2ND
Alloway Halberds batting - Pitching for Pawnee ParksNRec : RHP Albert Castillo
Batting: RHB Carlos De Jesús 0-0: Called Strike
0-1: Foul Ball, location: 2F
0-2: Ball
1-2: Ground out 6-3 (Groundball, 56D)
Batting: RHB Vito Middendorf 0-0: Ball
1-0: Ball
2-0: Ball
3-0: Base on Balls
Batting: RHB Jarred Morgan 0-0: Ball
1-0: Fly out, F1 (Line Drive, 13)
Batting: RHB Jordan Hollins 0-0: Ball
1-0: Ball
2-0: Ball
3-0: Base on Balls
Vito Middendorf to second
Batting: RHB Juan Salinas 0-0: Called Strike
0-1: Called Strike
0-2: Fielders Choice at 2nd, 5-4 (Groundball, 5)
Bottom of the 2nd over - 0 runs, 0 hits, 0 errors, 2 left on base; Pawnee 2 - Alloway 0
TOP OF THE 3RD
Pawnee ParksNRec batting - Pitching for Alloway Halberds : LHP Gilberto Ramírez
Batting: RHB Britt Lynch 0-0: Called Strike
0-1: Called Strike
0-2: Ball
1-2: Ball
2-2: Ground out 6-3 (Groundball, 56)
Batting: RHB Ken Bone 0-0: Ground out 4-3 (Groundball, 4M)
Batting: RHB Ronald Hines 0-0: Ball
1-0: Swinging Strike
1-1: Foul Ball, location: 2F
1-2: Strikes out swinging
Top of the 3rd over - 0 runs, 0 hits, 0 errors, 0 left on base; Pawnee 2 - Alloway 0
BOTTOM OF THE 3RD
Alloway Halberds batting - Pitching for Pawnee ParksNRec : RHP Albert Castillo
Batting: LHB Ricardo Ríos 0-0: Ball
1-0: Called Strike
1-1: SINGLE (Groundball, 3D)
Batting: LHB Juan Caro 0-0: Ball
Ricardo Ríos is caught stealing 2nd base
1-0: Ball
2-0: Fly out, F7 (Flyball, 78D)
Batting: RHB Octávio Beltzán 0-0: Called Strike
0-1: Called Strike
0-2: Strikes out looking
Bottom of the 3rd over - 0 runs, 1 hit, 0 errors, 0 left on base; Pawnee 2 - Alloway 0
TOP OF THE 4TH
Pawnee ParksNRec batting - Pitching for Alloway Halberds : LHP Gilberto Ramírez
Batting: SHB Vicente Pueblo 0-0: Ball
1-0: Ground out 5-3 (Groundball, 56)
Batting: RHB Daryl Moran 0-0: Called Strike
0-1: Ball
1-1: Ball
2-1: Called Strike
2-2: Ground out 4-3 (Groundball, 4)
Batting: RHB Michael Douglas 0-0: Called Strike
0-1: Ball
1-1: Ball
2-1: Fly out, F8 (Flyball, 8LD)
Top of the 4th over - 0 runs, 0 hits, 0 errors, 0 left on base; Pawnee 2 - Alloway 0
BOTTOM OF THE 4TH
Alloway Halberds batting - Pitching for Pawnee ParksNRec : RHP Albert Castillo
Batting: LHB José Zarate 0-0: Ball
1-0: Ball
2-0: Ground out U3 (Groundball, 3L)
Batting: RHB Carlos De Jesús 0-0: Ball
1-0: Ball
2-0: Foul Ball, location: 2F
2-1: Ball
3-1: Base on Balls
Batting: RHB Vito Middendorf 0-0: SINGLE (Flyball, 9LS)
Carlos De Jesús to second
Runner from 2nd tries for 3rd, SAFE, no throw
Batting: RHB Jarred Morgan 0-0: Ball
1-0: Ball
2-0: Ball
3-0: Base on Balls
Vito Middendorf to second
Batting: RHB Jordan Hollins 0-0: Ball
1-0: Foul Ball, location: 2F
1-1: Fly out, F7 (Flyball, 7S)
Batting: RHB Juan Salinas 0-0: Called Strike
0-1: Foul Ball, location: 2F
0-2: SINGLE (Groundball, 6) (infield hit)
Carlos De Jesús scores
Vito Middendorf to third
Jarred Morgan to second
Batting: LHB Ricardo Ríos 0-0: Fly out, F7 (Flyball, 78M)
Bottom of the 4th over - 1 run, 2 hits, 0 errors, 3 left on base; Pawnee 2 - Alloway 1
TOP OF THE 5TH
Pawnee ParksNRec batting - Pitching for Alloway Halberds : LHP Gilberto Ramírez
Batting: SHB Dennis Barraclough 0-0: Called Strike
0-1: Foul Ball, location: 2F
0-2: Ball
1-2: Ball
2-2: SINGLE (Line Drive, 34D)
Batting: RHB Iván Rodríguez 0-0: Ball
1-0: Ball
2-0: Ball
3-0: Base on Balls
Dennis Barraclough to second
Batting: SHB Júlio Camacho 0-0: Ball
1-0: Sac Bunt - play at first, batter OUT! 1-4
Dennis Barraclough to third
Iván Rodríguez to second
Batting: RHB Britt Lynch 0-0: Ball
1-0: Ground out 5-3 (Groundball, 5)
Batting: RHB Ken Bone 0-0: Fly out, F4 (Popup, 13)
Top of the 5th over - 0 runs, 1 hit, 0 errors, 2 left on base; Pawnee 2 - Alloway 1
BOTTOM OF THE 5TH
Alloway Halberds batting - Pitching for Pawnee ParksNRec : RHP Albert Castillo
Batting: LHB Juan Caro 0-0: Ground out 6-3 (Groundball, 6)
Batting: RHB Octávio Beltzán 0-0: Called Strike
0-1: Foul Ball, location: 2F
0-2: Fly out, F4 (Flyball, 4D)
Batting: LHB José Zarate 0-0: Ball
1-0: Ball
2-0: Foul Ball, location: 2F
2-1: Foul Ball, location: 2F
2-2: Ground out 5-3 (Groundball, 56)
Bottom of the 5th over - 0 runs, 0 hits, 0 errors, 0 left on base; Pawnee 2 - Alloway 1
TOP OF THE 6TH
Pawnee ParksNRec batting - Pitching for Alloway Halberds : LHP Gilberto Ramírez
Batting: RHB Ronald Hines 0-0: Ball
1-0: Fly out, F9 (Flyball, 9S)
Batting: SHB Vicente Pueblo 0-0: Ball
1-0: Foul Ball, location: 2F
1-1: Called Strike
1-2: Foul Ball, location: 2F
1-2: Foul Ball, location: 2F
1-2: Fly out, F7 (Line Drive, 78D)
Batting: RHB Daryl Moran 0-0: Ball
1-0: Ball
2-0: Foul Ball, location: 2F
2-1: Swinging Strike
2-2: Foul Ball, location: 2F
2-2: Ball
3-2: Fly out, F9 (Line Drive, 89M)
Top of the 6th over - 0 runs, 0 hits, 0 errors, 0 left on base; Pawnee 2 - Alloway 1
BOTTOM OF THE 6TH
Alloway Halberds batting - Pitching for Pawnee ParksNRec : RHP Albert Castillo
Batting: RHB Carlos De Jesús 0-0: Ball
1-0: Fly out, F9 (Flyball, 9D)
Batting: RHB Vito Middendorf 0-0: Ball
1-0: Ball
2-0: Ball
3-0: Called Strike
3-1: Base on Balls
Batting: RHB Jarred Morgan 0-0: Ball
1-0: Foul Ball, location: 2F
1-1: Called Strike
Pickoff Throw to First - Error! E1
Vito Middendorf to second
1-2: Ball
2-2: Foul Ball, location: 2F
2-2: Ground out 5-3 (Groundball, 56)
Batting: RHB Jordan Hollins 0-0: Foul Ball, location: 2F
0-1: Ball
1-1: Swinging Strike
1-2: Ball
2-2: Strikes out looking
Bottom of the 6th over - 0 runs, 0 hits, 1 error, 1 left on base; Pawnee 2 - Alloway 1
TOP OF THE 7TH
Pawnee ParksNRec batting - Pitching for Alloway Halberds : LHP Gilberto Ramírez
Batting: RHB Michael Douglas 0-0: Ball
1-0: Foul Ball, location: 2F
1-1: Swinging Strike
1-2: Foul Ball, location: 2F
1-2: Foul Ball, location: 2F
1-2: Foul Ball, location: 2F
1-2: Ground out 5-3 (Groundball, 56)
Batting: SHB Dennis Barraclough 0-0: Ball
1-0: Ball
2-0: Foul Ball, location: 2F
2-1: Fly out, F5 (Line Drive, 56)
Batting: RHB Iván Rodríguez 0-0: Ball
1-0: Foul Ball, location: 2F
1-1: Swinging Strike
1-2: Ball
2-2: Ball
3-2: Ground out U3 (Groundball, 34S)
Top of the 7th over - 0 runs, 0 hits, 0 errors, 0 left on base; Pawnee 2 - Alloway 1
BOTTOM OF THE 7TH
Alloway Halberds batting - Pitching for Pawnee ParksNRec : RHP Albert Castillo
Batting: RHB Juan Salinas 0-0: Called Strike
0-1: Ball
1-1: Ground out 6-3 (Groundball, 6)
Batting: LHB Ricardo Ríos 0-0: Ball
1-0: Ball
2-0: Called Strike
2-1: Called Strike
2-2: Strikes out swinging
Batting: LHB Juan Caro 0-0: Ball
1-0: Ground out 4-3 (Groundball, 4)
Bottom of the 7th over - 0 runs, 0 hits, 0 errors, 0 left on base; Pawnee 2 - Alloway 1
TOP OF THE 8TH
Pawnee ParksNRec batting - Pitching for Alloway Halberds : LHP Gilberto Ramírez
Pitching: RHP Francisco García
Batting: SHB Júlio Camacho 0-0: Swinging Strike
0-1: Foul Ball, location: 2F
0-2: Strikes out swinging
Batting: RHB Britt Lynch 0-0: Called Strike
0-1: Ball
1-1: Foul Ball, location: 2F
1-2: Ball
2-2: Strikes out swinging
Batting: RHB Ken Bone 0-0: Foul Ball, location: 2F
0-1: Foul Ball, location: 2F
0-2: Strikes out swinging
Top of the 8th over - 0 runs, 0 hits, 0 errors, 0 left on base; Pawnee 2 - Alloway 1
BOTTOM OF THE 8TH
Alloway Halberds batting - Pitching for Pawnee ParksNRec : RHP Albert Castillo
Now at 1B: Felipe Trujillo
Batting: RHB Octávio Beltzán 0-0: SINGLE (Groundball, 4MD)
Batting: LHB José Zarate 0-0: Ball
1-0: SINGLE (Line Drive, 9LS)
Octávio Beltzán to second
Batting: RHB Carlos De Jesús 0-0: Foul Ball, location: 2F
0-1: Called Strike
0-2: Foul Ball, location: 2F
0-2: Strikes out swinging
Pinch Hitting: LHB Armando Becerra 0-0: Foul Ball, location: 2F
0-1: Ground out 4-3 (Groundball, 4S)
Octávio Beltzán to third
José Zarate to second
Batting: RHB Jarred Morgan 0-0: Called Strike
0-1: Fly out, F4 (Popup, 23)
Bottom of the 8th over - 0 runs, 2 hits, 0 errors, 2 left on base; Pawnee 2 - Alloway 1
TOP OF THE 9TH
Pawnee ParksNRec batting - Pitching for Alloway Halberds : RHP Francisco García
Now at SS: Bryan Clifton
Batting: RHB Ronald Hines 0-0: Ball
1-0: Ball
2-0: Foul Ball, location: 2F
2-1: Ball
3-1: Base on Balls
Batting: SHB Vicente Pueblo 0-0: Ball
1-0: Ball
Passed Ball!
Ronald Hines to second
2-0: Foul Ball, location: 2F
2-1: Called Strike
2-2: Foul Ball, location: 2F
2-2: Strikes out swinging
Batting: RHB Daryl Moran 0-0: Called Strike
0-1: Ground out 1-3 (Groundball, P)
Ronald Hines to third
Batting: RHB Michael Douglas 0-0: Called Strike
0-1: Ball
1-1: Swinging Strike
1-2: Fly out, F3 (Popup, 3)
Top of the 9th over - 0 runs, 0 hits, 0 errors, 1 left on base; Pawnee 2 - Alloway 1
BOTTOM OF THE 9TH
Alloway Halberds batting - Pitching for Pawnee ParksNRec : RHP Albert Castillo
Pitching: RHP Denver Milne
Batting: RHB Jordan Hollins 0-0: Ball
1-0: Foul Ball, location: 2F
1-1: Ball
2-1: Called Strike
2-2: Strikes out looking
Batting: RHB Juan Salinas 0-0: Ground out 4-3 (Groundball, 4)
Batting: LHB Ricardo Ríos 0-0: Ball
1-0: Called Strike
1-1: Ball
2-1: Foul Ball, location: 2F
2-2: Foul Ball, location: 2F
2-2: Foul Ball, location: 2F
2-2: Ground out 1-3 (Groundball, P)
Bottom of the 9th over - 0 runs, 0 hits, 0 errors, 0 left on base; Pawnee 2 - Alloway 1
Tuesday, December 19th, 2017 - OOTP Baseball 18.8 Build 76